cohdb
Replays
Latest Replays
All Replays
Popular Replays
Top Player Replays
Match Explorer
How It Works
Community
CoH3 Stats
Reddit
Sign in to upload your games and track your stats! →
Sign in with Steam
Match 25428084
Unlisted
Match 25428084
Overview
Messages
Build Orders
End
Kettenkrad Recon Vehicle
Construct Infanterie Kompanie
Selects Breakthrough Battlegroup
MG 42 Machine Gun Team
Selects Assault Grenadiers
Grenadier Squad
Grenadier Squad
Grenadier Squad
Construct Panzergrenadier Kompanie
Infanterie Officer Quarters
251 Medium Carrier
Selects Rapid Production
Selects Smoke Bombing Run
Medical Station
Pak 40 Anti-tank Gun Team
Selects Incendiary Bombing Run
Support Elements
Pioneer Squad
StuG III G Assault Gun
Incendiary Bombing Run
Lieutenant.Aldo Raine
Sof Ya Nos
0
0
Comments
sign in to comment!
No comments posted yet!